 Dungeon Crawl Stone Soup version 0.28.0-43-g3370ac3207 (webtiles) character file.

Game seed: 15687105914833307699

479 Cykl0x the Digger (level 7, -2/37 HPs)
             Began as a Gargoyle Earth Elementalist on Mar 1, 2022.
             Killed by divine providence
             ... invoked by an orc priest
              (12 damage)
             ... on level 5 of the Dungeon.
             The game lasted 00:09:57 (5438 turns).

Cykl0x the Digger (Gargoyle Earth Elementalist)     Turns: 5438, Time: 00:09:58

Health: -2/37      AC:  9    Str: 12    XL:     7   Next: 11%
Magic:  1/13       EV: 12    Int: 17    God:
Gold:   158        SH:  0    Dex: 10    Spells: 8/14 levels left

rFire   . . .      SeeInvis .   f - +0 short sword
rCold   . . .      Faith    .   (no shield)
rNeg    + . .      Spirit   .   b - +0 robe
rPois   ∞          Reflect  .   a - +0 helmet
rElec   +          Harm     .   l - +0 cloak
rCorr   .          Rampage  .   s - +0 pair of gloves
Will    .....                   (no boots)
Stlth   ++........              (no amulet)
HPRegen 0.12/turn               (no ring)
MPRegen 0.13/turn               (no ring)

@: about to teleport
A: sickness immunity, AC +4, negative energy resistance 1, electricity
resistance, torment resistance 1, petrification resistance
a: no special abilities


You were on level 5 of the Dungeon.
You visited 1 branch of the dungeon, and saw 5 of its levels.

You collected 191 gold pieces.
You spent 33 gold pieces at shops.

Inventory:

Hand Weapons
 e - a +0 dagger
 f - a +0 short sword (weapon)
Missiles
 c - 144 stones
 q - a throwing net
Armour
 a - a +0 helmet (worn)
 b - a +0 robe (worn)
 d - a +3 leather armour of positive energy
 l - a +0 cloak (worn)
 p - a +0 scale mail
 s - a +0 pair of gloves (worn)
 t - a +0 ring mail
Scrolls
 i - 2 scrolls of teleportation
 m - a scroll of fear
Potions
 g - 2 potions of brilliance
 h - a potion of curing
 j - 3 potions of attraction
 k - a potion of lignification {unknown}
 n - a potion of degeneration {unknown}
 o - a potion of mutation {unknown}
 r - 3 potions of heal wounds {unknown}
 u - a potion of magic {unknown}


   Skills:
 + Level 0.5 Fighting
 + Level 0.8 Short Blades
 + Level 2.0 Dodging
 - Level 2.1 Stealth
 + Level 4.0 Spellcasting
 * Level 3.3 Conjurations
 - Level 0.7 Transmutations
 + Level 6.4 Earth Magic


You had 8 spell levels left.
You knew the following spells:

 Your Spells              Type           Power      Damage    Failure   Level
a - Sandblast             Erth           50%        2d12      1%          1
b - Stone Arrow           Conj/Erth      40%        3d9       6%          3
c - Passwall              Tmut/Erth      12%        N/A       5%          2

Your spell library contained the following spells:

 Spells                   Type           Power      Damage    Failure   Level
 Petrify                  Tmut/Erth      15%        N/A       34%         4


Dungeon Overview and Level Annotations

Branches:
Dungeon (5/15)
 Temple: D:4-7

Altars:
Fedhas
Qazlal
Sif Muna

Shops:
D:2 ?


Innate Abilities, Weirdness & Mutations

You are immune to sickness and miasma.
Your stone body is resilient. (AC +4)
You are immune to poison.
You resist negative energy. (rN+)
You are resistant to electric shocks. (rElec)
You are resistant to unholy torment.
You are immune to petrification.


Message History

You hit the orc wizard but do no damage.
The orc wizard is lightly wounded.
The orc wizard hits you but does no damage.
You closely miss the orc wizard.
The orc wizard is lightly wounded.
The orc wizard gestures at you while chanting.
The magic dart hits you!
You don't have enough magic to cast this spell.
Casting: Sandblast (safe; 1% risk of failure)
Confirm with . or Enter, or press ? or * to list all spells.
Aiming: Sandblast (safe; 1% risk of failure)
Press: ? - help, Shift-Dir - straight line, f - orc wizard
Aim: an orc wizard, wielding a +0 vampiric dagger and wearing a +0 robe (lightly wounded, 76% to hit)
The blast of sand hits the orc wizard!
The orc wizard is severely wounded.
c - 144 stones You hit the orc wizard but do no damage.
The orc wizard is severely wounded.
The orc wizard mumbles some strange words.
The orc wizard flickers and vanishes!
Deactivating autopickup; reactivate with Ctrl-A.
An orc priest comes into view. It is wielding a +1 vorpal flail.
The orc closely misses you.
You hear some strange, mumbled words.
A puff of flame appears from out of thin air!
The puff of flame hits you.
A puff of flame appears from out of thin air!
The puff of flame hits you!
A puff of flame appears from out of thin air!
The puff of flame hits you!
* * * LOW HITPOINT WARNING * * *
You feel better.
As you read the scroll of teleportation, it crumbles to dust.
You feel strangely unstable.
A magic dart appears from out of thin air!
The magic dart hits you.
* * * LOW HITPOINT WARNING * * *
The orc priest invokes the aid of Beogh against you.
Beogh smites you!
You die...

.########.# .......<#.######.
#o# ................. ..
.########.###.### #.# #. ..# #.#
#.# ). .. .. #.# #.# #.#.# #.
#.# #.# ...
######.###.###.##########)#.#.#.
...............@....o.o.........
#............##########..#.#.#
#.###.##.......##### ##...
#^.####......... #.# ##.#
#......... .. #.# ##........ . .
#.## #........ ....####..#
#........ #.......# #........


You could see an orc priest and an orc.

Vanquished Creatures
  A scorpion (D:5)
  3 orc priests
  Crazy Yiuf (D:2)
  A jelly (D:5)
  Terence (D:3)
  4 orc wizards (D:4)
  A hound skeleton (D:5)
  5 adders
  A white imp (D:5)
  2 adder skeletons (D:4)
  2 worms
  5 orcs
  2 ball pythons
  7 endoplasms
  4 giant cockroaches
  7 goblins
  3 hobgoblins
  3 quokkas
  6 bats
  5 frilled lizards
  12 kobolds
  7 rats
83 creatures vanquished.

Notes
Turn   | Place    | Note
-------+----------+-------------------------------------------
     0 | D:1      | Cykl0x the Gargoyle Earth Elementalist began the quest for
                  | the Orb.
     0 | D:1      | Reached XP level 1. HP: 10/10 MP: 3/3
   218 | D:1      | Reached XP level 2. HP: 15/15 MP: 1/5
   219 | D:1      | Reached skill level 4 in Earth Magic
  1034 | D:2      | Reached XP level 3. HP: 19/19 MP: 3/6
  1038 | D:2      | Learned a level 3 spell: Stone Arrow
  1047 | D:2      | Learned a level 2 spell: Passwall
  1530 | D:2      | Reached skill level 1 in Conjurations
  1686 | D:2      | Found Vaklapt's Magic Scroll Shop.
  1721 | D:2      | Bought a scroll of teleportation for 33 gold pieces
  2244 | D:2      | Found a runed translucent door.
  2245 | D:2      | Noticed Crazy Yiuf
  2251 | D:2      | Killed Crazy Yiuf
  2252 | D:2      | Reached XP level 4. HP: 4/24 MP: 0/8
  2698 | D:3      | Found a stormy altar of Qazlal.
  2794 | D:3      | Found a faded altar of an unknown god.
  3068 | D:3      | Reached skill level 5 in Earth Magic
  3169 | D:3      | Noticed Terence
  3171 | D:3      | Killed Terence
  3172 | D:3      | Reached XP level 5. HP: 28/28 MP: 2/9
  3579 | D:3      | Found a blossoming altar of Fedhas.
  3966 | D:4      | Reached XP level 6. HP: 8/32 MP: 0/11
  4304 | D:4      | Reached skill level 6 in Earth Magic
  4590 | D:4      | Found a shimmering blue altar of Sif Muna.
  5176 | D:5      | Entered Level 5 of the Dungeon
  5341 | D:5      | Reached XP level 7. HP: 37/37 MP: 5/13
  5438 | D:5      | Killed from afar by an orc priest

Illustrated notes

Levels and vault maps discovered:
D:1:      lemuel_arrival_river_ford, layout_basic, minmay_misc_feat_pillars
D:2:      layout_loops_cross, serial_shops, shop, corexii_corridor_pit,
          minmay_misc_feat_nine_boxes, minmay_misc_feat_alley,
          minmay_statues_item, uniq_crazy_yiuf_cottage
D:3:      layout_loops_ring, nicolae_qazlal_scattered_showers, fedhas_altar_4,
          ebering_ecumenical_altar_rust, serial_glass, glass_columns_a,
          glass_columns_b, item_on_display_a, minmay_strange_pillars,
          item_on_display_a, uniq_terence
D:4:      layout_basic, tgw_sif, roderic_serpentine_path
D:5:      layout_basic, nzn_hepliaklqana_mist_gate,
          mainiacjoe_overflow_catch_the_wave, minmay_temple_entry_large_hall,
          hex_medium, st_stairs_7

Skill      XL: |  1  2  3  4  5  6 |
---------------+-------------------+-----
Earth Magic    | 4 5 6 |  6.4
Conjurations   | 1 2 3 |  3.3
Spellcasting   | 3 4 |  4.0
Dodging        | 2 |  2.0
Fighting       | |  0.5
Short Blades   | |  0.8
Stealth        | |  2.1
Transmutations | |  0.7

Action                   |  1- 3 |  4- 6 |  7- 9 || total
-------------------------+-------+-------+-------++-------
Melee: Dagger            |     2 |       |       ||     2
       Short sword       |    15 |    44 |     6 ||    65
       Punch             |     1 |       |     1 ||     2
 Cast: Sandblast         |    35 |    21 |     4 ||    60
       Stone Arrow       |    14 |    41 |     4 ||    59
       Passwall          |       |     2 |       ||     2
  Use: Scroll            |     2 |     6 |     1 ||     9
       Potion            |       |     2 |     1 ||     3
 Stab: Sleeping          |     1 |       |       ||     1
Armor: Robe              |    17 |    27 |     4 ||    48
Dodge: Dodged            |    17 |    21 |     1 ||    39
